 Dungeon Crawl Stone Soup version 0.21-a0-507-ga8f6b7a (webtiles) character file.

183722 Megalobster the Eclecticist (level 17, -28/100 HPs)
             Began as a Deep Elf Conjurer on Nov 26, 2017.
             Was a High Priest of Vehumet.
             Killed from afar by a deep elf annihilator (64 damage)
             ... with a crystal spear
             ... on level 3 of the Elven Halls on Nov 27, 2017.
             The game lasted 04:18:09 (46906 turns).

Megalobster the Eclecticist (Deep Elf Conjurer)    Turns: 46906, Time: 04:18:10

Health: -28/100    AC: 11    Str: 11    XL:     17   Next: 75%
Magic:  7/49       EV: 29    Int: 24    God:    Vehumet [*****.]
Gold:   2601       SH: 16    Dex: 19    Spells: 7/50 levels left

rFire    . . .     SeeInvis +   a - +7 Spriggan's Knife {MR+ EV+4 Dex+4 Stlth+}
rCold    + . .     Gourm    .   t - +3 buckler {reflect}
rNeg     + + .     Faith    .   s - +2 robe {MR+}
rPois    .         Spirit   .   x - +2 helmet
rElec    .         Reflect  +   P - scarf {cloud immunity}
rCorr    .         Harm     .   V - +0 pair of gloves of the Archfiend {rC+}
MR       +++..                  (no boots)
Stlth    +++++.....             p - +6 amulet of reflection
HPRegen  0.26/turn              i - ring "Xuudd" {rN++ MP+9 Str+4 Int-2 SInv}
MPRegen  0.31/turn              I - +2 ring of protection

@: no status effects
A: no striking features
a: Renounce Religion


You were on level 3 of the Elven Halls.
You worshipped Vehumet.
Vehumet was extremely pleased with you.
You were not hungry.

You visited 5 branches of the dungeon, and saw 27 of its levels.
You also visited: Labyrinth and Sewer.

You collected 3370 gold pieces.
You spent 769 gold pieces at shops.

Inventory:

Hand Weapons
 a - the +7 Spriggan's Knife (weapon) {MR+ EV+4 Dex+4 Stlth+}
   (You found it in a labyrinth)

   It affects your evasion (+4).
   It affects your dexterity (+4).
   It affects your resistance to hostile enchantments.
   It makes you more stealthy.
 b - the +6 trident "Qyganw Iqoa" {pierce, rF+ Int+3}
   (You found it in a labyrinth)

   It inflicts extra damage upon your enemies.
   It affects your intelligence (+3).
   It protects you from fire.
Armour
 s - a +2 robe of magic resistance (worn)
 t - a +3 buckler of reflection (worn)
 x - a +2 helmet (worn)
 B - a cursed -2 chain mail
 P - a scarf of cloud immunity (worn)
 V - the +0 pair of gloves of the Archfiend (worn) {rC+}
   (You found it on level 5 of the Lair of Beasts)

   It protects you from cold.
Jewellery
 f - an uncursed amulet of magic regeneration
 i - the ring "Xuudd" (left hand) {rN++ MP+9 Str+4 Int-2 SInv}
   (You found it on level 7 of the Dungeon)

   [ring of see invisible]

   It affects your strength (+4).
   It affects your intelligence (-2).
   It greatly protects you from negative energy.
   It affects your magic capacity (+9).
   It lets you see invisible.
 p - a +6 amulet of reflection (around neck)
 y - a +3 ring of dexterity
 G - a cursed ring of loudness {unknown}
 I - a +2 ring of protection (right hand)
 Q - the ring of False Pretenses {Int+5 SInv, unknown}
   (You took it off a deep elf annihilator on level 3 of the Elven Halls)

   [ring of see invisible]

   It affects your intelligence (+5).
   It lets you see invisible.
 U - a +3 ring of slaying {unknown}
Wands
 j - a wand of paralysis (45)
 m - a wand of acid (9)
 u - a wand of flame (26)
 v - a wand of digging (35)
 w - a wand of iceblast (36)
 C - a wand of enslavement (37)
 H - a wand of disintegration (10)
 O - a wand of clouds (4)
Scrolls
 e - 8 scrolls of teleportation
 l - 2 scrolls of fear
 o - 2 scrolls of identify
 r - 8 scrolls of fog
 z - 9 scrolls of remove curse
 J - 3 scrolls of immolation
 K - a scroll of holy word
 S - a scroll of blinking
 T - a scroll of summoning
Potions
 g - a potion of magic {unknown}
 h - 5 potions of flight
 k - 16 potions of curing
 n - 2 potions of resistance
 q - 3 potions of brilliance
 A - 2 potions of agility
 E - a potion of ambrosia
 F - 7 potions of heal wounds
 M - a potion of mutation
 N - a potion of haste
 R - 2 potions of invisibility {unknown}
 Y - a potion of lignification
Miscellaneous
 D - a lightning rod (4/4)
 Z - a phantom mirror
Comestibles
 c - 6 bread rations
 d - 8 meat rations


   Skills:
 + Level 9.1 Fighting
 + Level 7.7 Armour
 * Level 14.8 Dodging
 - Level 6.6 Stealth
 - Level 7.9 Shields
 + Level 17.0 Spellcasting
 * Level 15.8 Conjurations
 - Level 4.3 Hexes
 - Level 4.7 Translocations
 * Level 12.7 Fire Magic
 - Level 6.1 Earth Magic
 - Level 7.6 Evocations


You had 7 spell levels left.
You knew the following spells:

 Your Spells              Type           Power        Failure   Level  Hunger
a - Bolt of Fire          Conj/Fire      ######....   1%          6    ####...
b - Orb of Destruction    Conj           #######...   1%          7    #####..
c - Iskenderun's Mystic   Conj           #######.     1%          4    None
d - Fulminant Prism       Conj/Hex       ######....   1%          4    None
e - Force Lance           Conj/Tloc      ######..     1%          4    None
f - Iron Shot             Conj/Erth      ######....   1%          6    ####...
g - Conjure Flame         Conj/Fire      ######..     0%          3    None
h - Dazzling Spray        Conj/Hex       ######       1%          3    None
i - Summon Butterflies    Summ           ###.....     2%          1    None
j - Fireball              Conj/Fire      ######....   1%          5    None


Dungeon Overview and Level Annotations

Branches:
Dungeon (15/15)            Temple (1/1) D:5            Lair (6/6) D:10
  Swamp (0/4) Lair:4        Snake (0/4) Lair:4        Slime (0/5) Lair:5
    Orc (2/2) D:11            Elf (3/3) Orc:2        Vaults (0/5) D:13
 Depths (0/5) D:15

Altars:
Cheibriados
Elyvilon
Fedhas
Gozag
Kikubaaqudgha
Makhleb
Qazlal
Ru
Sif Muna
Trog
Vehumet
Xom
Yredelemnul
The Shining One
Beogh
Jiyva

Shops:
D:4 [   D:7 }(   D:13 [   Orc:1 *   Orc:2 :%!(

Portals:
Trove: D:14 (give 16 potions of curing)

Annotations:
D:8 1 runed door


Message History

The long sword of electrocution falls from the air.
Vehumet accepts your kill.
The orb of energy explodes!
You hear a shout! 2 deep elf annihilators come into view.
A deep elf annihilator is wielding a long sword of holy wrath.
The deep elf annihilator gestures wildly while chanting.
The deep elf annihilator blinks!
There is an open door here.
Casting: Iskenderun's Mystic Blast
Confirm with . or Enter, or press ? or * to list all spells.
Aiming: Iron Shot
Press: ? - help, Shift-Dir - straight line, f - deep elf annihilator
Aim: a deep elf annihilator, wielding a long sword of holy wrath and wearing a leather armour The iron shot hits the deep elf annihilator.
The deep elf annihilator is heavily wounded.
The deep elf annihilator gestures at you while chanting.
The crystal spear hits you!
Ouch! That really hurt!
You die...

......###'###.........[).........
.................................
.................................
...............................≈≈
≈≈≈≈≈≈≈≈≈≈≈≈≈≈≈≈≈≈≈≈≈≈≈[...≈≈≈≈≈≈
≈≈≈≈≈≈≈≈≈≈≈≈≈≈≈≈≈≈≈≈≈≈≈)...≈≈≈≈≈#
########################'''######
....................[.)........#.
................@...........[..'.
#+#############'#######'####)###.
#....e....#...)....#...##
'.........#)[......)..).#
#.........'........#...).
#######.###############.. ##.).##
#.. ##.e)..## #.. #..)))..# #..


You could see 2 deep elf annihilators.

Vanquished Creatures
  2 deep elf blademasters (Elf:3)
  Kirke (Lair:4)
  A tengu reaver (D:13)
  4 deep elf sorcerers (Elf:3)
  3 deep elf elementalists (Elf:3)
  An orc warlord (Orc:2)
  An emperor scorpion (D:15)
  Nessos (D:15)
  7 deep elf demonologists
  5 deep elf annihilators
  A dire elephant (D:15)
  4 deep elf high priests
  4 deep elf death magi
  Josephine (Lair:4)
  A minotaur (Lab)
  2 fire dragons (Lair:6)
  Erolcha (Orc:1)
  8 hydras
  2 catoblepae
  Erica (Lair:2)
  10 two-headed ogres
  28 dancing weapons
  2 centaur warriors (D:13)
  3 tengu warriors
  A deep troll earth mage (D:13)
  3 orc high priests (Orc:2)
  32 deep elf knights
  3 unseen horrors
  A swamp dragon (Lair:6)
  5 deep elf archers
  A lindwurm (Lair:6)
  Pikel (D:7)
  5 orc knights (Orc:2)
  A necromancer (Lair:6)
  5 ugly things
  48 deep elf magi
  3 oklob plants (Lair:4)
  6 orc sorcerers
  A wolf spider (shapeshifter) (D:13)
  7 centaur zombies
  A salamander (D:15)
  7 cyclopes
  A manticore (D:14)
  12 elephants
  4 black mambas
  A gargoyle (D:10)
  6 torpor snails
  5 rime drakes
  9 spiny frogs
  3 kobold demonologists (D:15)
  4 komodo dragons
  A freezing wraith (D:13)
  5 trolls
  2 polar bears (Lair:5)
  9 hornets
  4 tyrant leeches (Lair:6)
  The ghost of Syneil the Chopper, an amateur DsBe of Trog (D:5)
  Prince Ribbit (D:7)
  A hippogriff (shapeshifter) (D:13)
  10 blink frogs
  A minotaur skeleton (Lab)
  9 slime creatures
  18 dream sheep
  6 hippogriffs
  12 spriggans (Lair:1)
  6 air elementals
  Sigmund (D:6)
  A redback (shapeshifter) (D:13)
  A shadow (Lab)
  5 wraiths
  23 yaks
  2 vampires
  A water elemental (Elf:1)
  3 redbacks (Lab)
  5 wyverns
  14 hungry ghosts
  3 hogs (Lair:4)
  5 fire elementals
  4 basilisks
  3 steam dragons (Lair:6)
  A warg (Orc:2)
  3 vampire mosquitoes (D:13)
  3 acid dragons
  A soldier ant (shapeshifter) (D:14)
  7 water moccasins
  3 sky beasts
  5 porcupines
  A hornet zombie (D:6)
  A swamp drake (Lair:6)
  32 orc warriors
  A black bear (shapeshifter) (Elf:1)
  10 ogres
  2 phantoms
  2 eyes of draining
  4 boggarts (Lair:5)
  A black bear (D:11)
  A necrophage (D:10)
  A wolf (Lair:5)
  13 centaurs
  10 crocodiles
  2 elf zombies (D:10)
  14 bullfrogs
  2 big kobolds
  5 earth elementals
  A wyvern skeleton (D:13)
  A water moccasin skeleton (D:5)
  4 scorpions
  66 killer bees
  A troll skeleton (D:10)
  10 electric eels
  6 wights
  7 howler monkeys
  10 crimson imps
  A wyvern simulacrum (D:14)
  2 bullfrog zombies
  5 centaur skeletons
  2 human zombies (D:10)
  4 jellies
  4 hounds
  25 orc wizards
  22 orc priests
  2 human skeletons (D:10)
  3 bullfrog skeletons
  3 iguanas
  A merfolk siren (Sewer)
  2 yak simulacra (Lair:6)
  5 polar bear simulacra (Lair:6)
  7 hell rats (Lair:4)
  A merfolk avatar (Sewer)
  12 worker ants
  4 wolf simulacra (Lair:6)
  2 hound skeletons
  2 mummies (D:10)
  Robin (D:2)
  4 gnolls (D:4)
  A worker ant zombie (D:11)
  14 adders
  A river rat (Sewer)
  4 shadow imps
  An ooze (D:3)
  An adder zombie (D:5)
  2 adder skeletons
  A worm (D:2)
  3 dart slugs
  10 leopard geckos
  96 orcs
  13 giant cockroaches
  18 goblins
  14 hobgoblins
  5 jackals
  19 kobolds
  4 quokkas
  7 ball pythons
  8 bats
  10 frilled lizards
  A giant cockroach zombie (D:6)
  A jackal skeleton (D:8)
  A leopard gecko zombie (D:7)
  An orc skeleton (D:10)
  A quokka zombie (D:6)
  34 rats
  A bush (Lair:6)
  4 fungi
  7 plants
1055 creatures vanquished.

Vanquished Creatures (others)
  A centaur warrior (D:13)
  A dancing weapon (Elf:1)
  A deep elf archer (Elf:1)
  A cyclops (D:12)
  2 slaves (D:7)
  A centaur (D:13)
  A bullfrog (D:7)
  A worker ant (D:7)
  An adder (D:7)
  An orc (Orc:2)
  147 fulminant prisms
  16 fungi
  27 plants
201 creatures vanquished.

Grand Total: 1256 creatures vanquished

Notes
Turn   | Place    | Note
-------+----------+-------------------------------------------
     0 | D:1      | Megalobster the Deep Elf Conjurer began the quest for the Orb.
     0 | D:1      | Reached XP level 1. HP: 10/10 MP: 6/6
   314 | D:1      | Reached XP level 2. HP: 14/15 MP: 5/8
   319 | D:1      | Learned a level 2 spell: Searing Ray
  1019 | D:1      | Reached XP level 3. HP: 15/19 MP: 3/10
  1495 | D:1      | Reached skill level 4 in Spellcasting
  1634 | D:2      | Reached skill level 5 in Conjurations
  2346 | D:2      | Reached XP level 4. HP: 20/24 MP: 3/12
  2396 | D:2      | Learned a level 4 spell: Iskenderun's Mystic Blast
  2401 | D:2      | Learned a level 4 spell: Force Lance
  2410 | D:2      | Found a snail-covered altar of Cheibriados.
  2465 | D:2      | Found a stormy altar of Qazlal.
  2569 | D:2      | Noticed Robin
  2581 | D:2      | Killed Robin
  2732 | D:2      | Found a shimmering altar of Xom.
  3135 | D:3      | Reached skill level 1 in Translocations
  3697 | D:4      | Noticed an ogre
  3702 | D:4      | Killed an ogre
  3702 | D:4      | Reached skill level 5 in Spellcasting
  3702 | D:4      | Reached XP level 5. HP: 28/28 MP: 5/14
  3857 | D:4      | Found Detz's Antique Armour Boutique.
  4180 | D:4      | Reached XP level 6. HP: 33/33 MP: 11/15
  4229 | D:4      | Found a glowing drain.
  4327 | Sewer    | Entered a sewer
  4754 | Sewer    | Reached skill level 1 in Fighting
  5181 | D:4      | Learned a level 4 spell: Fulminant Prism
  5459 | D:4      | Found a white marble altar of Elyvilon.
  5465 | D:4      | Reached skill level 1 in Hexes
  5625 | D:4      | Reached XP level 7. HP: 38/38 MP: 7/17
  6096 | D:4      | Found a deep blue altar of Sif Muna.
  6226 | D:5      | Entered Level 5 of the Dungeon
  6228 | D:5      | Noticed Syneil's ghost (amateur DsBe)
  6611 | D:5      | Killed Syneil's ghost
  6611 | D:5      | Reached skill level 6 in Spellcasting
  6723 | D:4      | Learned a level 3 spell: Dazzling Spray
  6811 | D:5      | Reached XP level 8. HP: 44/44 MP: 11/19
  7008 | D:5      | Found a white marble altar of Elyvilon.
  7228 | D:5      | Found a glowing golden altar of the Shining One.
  7535 | D:5      | Found a staircase to the Ecumenical Temple.
  7546 | Temple   | Entered the Ecumenical Temple
  7559 | Temple   | Became a worshipper of Vehumet
  7836 | D:5      | Reached skill level 5 in Dodging
  8004 | D:5      | Found a blossoming altar of Fedhas.
  8384 | D:6      | Reached * piety under Vehumet
  8384 | D:6      | Offered knowledge of Sting by Vehumet.
  8384 | D:6      | Reached skill level 1 in Armour
  8596 | D:6      | You fall through a shaft!
  8606 | D:7      | Found Daudilep's Weapon Boutique.
  8638 | D:7      | Reached skill level 7 in Spellcasting
  8703 | D:7      | Noticed Pikel
  8707 | D:7      | Killed Pikel
  8707 | D:7      | Reached XP level 9. HP: 50/50 MP: 16/22
  8743 | D:6      | Noticed Sigmund
  8793 | D:6      | Killed Sigmund
  9441 | D:7      | Noticed Prince Ribbit
  9453 | D:7      | Killed Prince Ribbit
  9851 | D:7      | Reached skill level 5 in Stealth
 10277 | D:7      | Found Veneer's Gadget Shoppe.
 10330 | D:7      | Found a basalt altar of Yredelemnul.
 10330 | D:7      | Found a burning altar of Makhleb.
 10364 | D:7      | Reached skill level 8 in Spellcasting
 10434 | D:7      | Got a sparkling iron ring
 10453 | D:7      | Found an opulent altar of Gozag.
 10805 | D:7      | Identified the ring "Xuudd" {rN++ MP+9 Str+4 Int-2 SInv} (You found it on level 7 of the Dungeon)
 10920 | D:8      | Noticed a two-headed ogre
 10931 | D:8      | Killed a two-headed ogre
 10931 | D:8      | Reached XP level 10. HP: 37/56 MP: 24/24
 11103 | D:8      | Got a pitted spear
 11104 | D:8      | Identified the +3 spear of Fesef {flame, MR+} (You found it on level 8 of the Dungeon)
 11110 | D:8      | Noticed a two-headed ogre
 11291 | D:8      | Reached ** piety under Vehumet
 11423 | D:8      | Killed a two-headed ogre
 11423 | D:8      | Offered knowledge of Shock by Vehumet.
 11516 | D:8      | Reached skill level 10 in Conjurations
 11589 | D:8      | Noticed a two-headed ogre
 11597 | D:8      | Killed a two-headed ogre
 11618 | D:8      | Reached skill level 9 in Spellcasting
 12105 | D:8      | Found a runed door.
 12105 | D:8      | Noticed an ice dragon
 12107 | D:8      | Noticed a wolf spider
 12107 | D:8      | Noticed a cyclops
 12107 | D:8      | Noticed a rakshasa
 12107 | D:8      | Noticed a frost giant
 12116 | D:8      | Noticed a two-headed ogre
 12126 | D:8      | Killed a two-headed ogre
 12126 | D:8      | Reached skill level 1 in Evocations
 12811 | D:9      | Reached XP level 11. HP: 58/62 MP: 26/26
 13044 | D:10     | Entered Level 10 of the Dungeon
 13050 | D:10     | Noticed a two-headed ogre
 13057 | D:10     | Killed a two-headed ogre
 13206 | D:10     | Found a staircase to the Lair.
 13364 | D:10     | Noticed a two-headed ogre
 13373 | D:10     | Killed a two-headed ogre
 13430 | D:10     | Reached skill level 5 in Fighting
 13598 | D:10     | Offered knowledge of Conjure Flame by Vehumet.
 13603 | D:10     | Learned a level 3 spell: Conjure Flame
 13636 | D:10     | Reached skill level 1 in Fire Magic
 13866 | D:10     | Reached *** piety under Vehumet
 14108 | D:10     | Identified a scroll of acquirement
 14361 | D:10     | Found an ancient bone altar of Kikubaaqudgha.
 14565 | Lair:1   | Entered Level 1 of the Lair of Beasts
 15055 | Lair:1   | Offered knowledge of Inner Flame by Vehumet.
 15055 | Lair:1   | Reached skill level 1 in Shields
 15276 | Lair:1   | Noticed a four-headed hydra
 15289 | Lair:1   | Killed a four-headed hydra
 15289 | Lair:1   | Reached skill level 10 in Spellcasting
 15658 | Lair:1   | Reached **** piety under Vehumet
 15772 | Lair:1   | Offered knowledge of Iskenderun's Battlesphere by Vehumet.
 16224 | Lair:1   | Found the +0 sword of Power
 16236 | Lair:1   | Reached skill level 5 in Armour
 16236 | Lair:1   | Reached XP level 12. HP: 59/68 MP: 28/28
 16794 | Lair:2   | Noticed Erica
 16808 | Lair:2   | Killed Erica
 16823 | Lair:2   | Noticed a four-headed hydra
 17149 | Lair:2   | Killed a four-headed hydra
 18223 | Lair:3   | Noticed a five-headed hydra
 18236 | Lair:3   | Killed a five-headed hydra
 18236 | Lair:3   | Reached skill level 5 in Fire Magic
 18471 | Lair:3   | Found a shimmering altar of Xom.
 18701 | Lair:3   | Reached skill level 11 in Spellcasting
 18877 | Lair:3   | Reached ***** piety under Vehumet
 18877 | Lair:3   | Offered knowledge of Iron Shot by Vehumet.
 18877 | Lair:3   | Reached skill level 10 in Dodging
 18885 | Lair:3   | Learned a level 6 spell: Iron Shot
 19171 | Lair:3   | Learned a level 1 spell: Summon Butterflies
 19359 | Lair:4   | Noticed Josephine
 19364 | Lair:4   | Reached skill level 1 in Earth Magic
 19400 | Lair:4   | Reached skill level 5 in Shields
 19608 | Lair:4   | Noticed Kirke
 19618 | Lair:4   | Killed Kirke
 19618 | Lair:4   | Reached XP level 13. HP: 75/75 MP: 18/30
 20073 | Lair:4   | Killed Josephine
 20732 | Lair:4   | Found a staircase to the Swamp.
 21001 | Lair:4   | Found a staircase to the Snake Pit.
 21498 | Lair:4   | Identified The Second Course in Sorcery
 21699 | Lair:5   | Found a viscous altar of Jiyva.
 21699 | Lair:5   | Found a staircase to the Slime Pits.
 22051 | Lair:5   | Got a pair of spiked gloves
 22062 | Lair:5   | Identified the +0 pair of gloves of the Archfiend {rC+} (You found it on level 5 of the Lair of Beasts)
 22100 | Lair:5   | Found a labyrinth entrance.
 22111 | Lab      | Entered a labyrinth
 23011 | Lab      | Got a shimmering trident
 23728 | Lab      | Noticed a minotaur
 23730 | Lab      | Killed a minotaur
 23734 | Lab      | Got a shimmering turquoise ring
 23740 | Lab      | Identified the Incunabulum of Battle Magic
 23741 | Lab      | Found the +7 Spriggan's Knife {MR+ EV+4 Dex+4 Stlth+}
 23744 | Lab      | Identified the +6 trident "Qyganw Iqoa" {pierce, rF+ Int+3} (You found it in a labyrinth)
 23796 | Lab      | Identified the ring "Itsoorui" {*Tele rF- Int+2 Dex+3} (You took it off a minotaur in a labyrinth)
 23899 | D:10     | Learned a level 5 spell: Fireball
 24641 | Lair:6   | Entered Level 6 of the Lair of Beasts
 24764 | Lair:6   | Reached skill level 12 in Spellcasting
 24794 | Lair:6   | Reached skill level 5 in Earth Magic
 25137 | Lair:6   | Reached XP level 14. HP: 80/80 MP: 9/32
 25634 | Lair:6   | Found a runed door.
 26078 | Lair:6   | Offered knowledge of Bolt of Fire by Vehumet.
 26278 | D:10     | Learned a level 6 spell: Bolt of Fire
 28509 | D:11     | Found a staircase to the Orcish Mines.
 29194 | D:11     | Reached skill level 13 in Spellcasting
 29487 | Orc:1    | Entered Level 1 of the Orcish Mines
 29816 | Orc:2    | Entered Level 2 of the Orcish Mines
 29913 | Orc:2    | Found a staircase to the Elven Halls.
 30386 | Orc:2    | Noticed an orc warlord
 30392 | Orc:2    | Killed an orc warlord
 30404 | Orc:1    | Offered knowledge of Orb of Destruction by Vehumet.
 30548 | Orc:1    | Found Zeoxymeisen's Assorted Antiques.
 30580 | Orc:1    | Noticed Erolcha
 30816 | Orc:1    | Killed Erolcha
 30852 | Orc:1    | Bought a scroll of identify for 42 gold pieces
 30852 | Orc:1    | Bought a scroll of identify for 42 gold pieces
 30852 | Orc:1    | Bought a steaming hat for 189 gold pieces
 30862 | Orc:1    | Identified the cursed -2 hat of Lifelessness {Str+2} (You bought it in a shop on level 1 of the Orcish Mines)
 31088 | Orc:2    | Found a roughly hewn altar of Beogh.
 31275 | Orc:2    | Reached skill level 14 in Spellcasting
 31707 | Orc:2    | Reached XP level 15. HP: 86/86 MP: 10/35
 31835 | Orc:2    | Reached skill level 15 in Spellcasting
 31874 | Orc:2    | Found Sonaugre's Antique Weapon Emporium.
 31874 | Orc:2    | Found Wubros's Book Emporium.
 31881 | Orc:2    | Found Hyka's Distillery.
 31881 | Orc:2    | Found Wucaoseo's Food Boutique.
 31958 | Orc:2    | Bought a potion of heal wounds for 80 gold pieces
 31958 | Orc:2    | Bought a potion of agility for 64 gold pieces
 31958 | Orc:2    | Bought a potion of brilliance for 64 gold pieces
 31958 | Orc:2    | Bought a potion of heal wounds for 80 gold pieces
 31958 | Orc:2    | Bought a potion of heal wounds for 80 gold pieces
 31958 | Orc:2    | Bought a potion of ambrosia for 128 gold pieces
 32158 | D:10     | Learned a level 7 spell: Orb of Destruction
 32506 | D:12     | Reached ****** piety under Vehumet
 32908 | D:12     | Offered knowledge of Ozocubu's Refrigeration by Vehumet.
 33507 | D:13     | Found a gate to the Vaults.
 33674 | D:13     | Found Mekk's Armour Shoppe.
 34127 | D:13     | Found a runed door.
 34233 | D:13     | Noticed a tengu reaver
 34234 | D:13     | Killed a tengu reaver
 34900 | D:14     | Offered knowledge of Conjure Ball Lightning by Vehumet.
 35416 | D:14     | Found a sacrificial altar of Ru.
 35470 | D:14     | Found a portal to a secret trove of treasure.
 35734 | D:15     | Entered Level 15 of the Dungeon
 35768 | D:15     | Reached skill level 10 in Fire Magic
 35892 | D:15     | Noticed Nessos
 35893 | D:15     | Killed Nessos
 36023 | D:15     | Got an uncursed crystal mace {flame}
 36535 | D:15     | Found a staircase to the Depths.
 36544 | D:15     | Reached skill level 16 in Spellcasting
 37335 | D:10     | Upgraded the game from 0.21-a0-504-g2eda330 to 0.21-a0-507-ga8f6b7a
 37557 | Elf:1    | Entered Level 1 of the Elven Halls
 37571 | Elf:1    | Reached XP level 16. HP: 73/93 MP: 21/38
 37777 | Elf:1    | Offered knowledge of Bolt of Cold by Vehumet.
 38909 | Elf:1    | Reached skill level 5 in Evocations
 41622 | Elf:2    | Found a runed gate.
 41622 | Elf:2    | Found a runed gate.
 41627 | Elf:2    | Found a runed gate.
 41654 | Elf:2    | Reached skill level 15 in Conjurations
 41921 | Elf:2    | Offered knowledge of Freezing Cloud by Vehumet.
 42430 | Elf:2    | Reached XP level 17. HP: 99/99 MP: 15/39
 43345 | Elf:3    | Entered Level 3 of the Elven Halls
 45718 | Elf:3    | Noticed a deep elf blademaster
 45874 | Elf:3    | Killed a deep elf blademaster
 46324 | Elf:3    | Got an ancient gossamer ring
 46716 | Elf:3    | Reached skill level 17 in Spellcasting
 46890 | Elf:3    | Noticed a Tzitzimitl
 46891 | Elf:3    | Noticed a deep elf blademaster
 46892 | Elf:3    | Killed a deep elf blademaster
 46906 | Elf:3    | Killed from afar by a deep elf annihilator

Vault maps used:
D:1:      nicolae_arrival_washed_ashore, minmay_octomino_e4
D:2:      kennysheep_slug_shrine, xom_butterflies,
          nicolae_qazlal_general_emergency, kennysheep_generic_room_8,
          uniq_robin
D:4:      nicolae_overflow_hidden_temple, old_standard_altar,
          gup_sewer_entry_pipe, serial_shops, nicolae_shop_behind_doors
D:5:      nicolae_tso_carved_into_rock, marbit_many_paths,
          minmay_temple_entry_butterflies, first_bread, elyvilon_altar_3
D:6:      uniq_sigmund
D:7:      gammafunk_temple_overflow_pools, grunt_gozag_statues, serial_shops,
          shop, shop, uniq_pikel, uniq_prince_ribbit1
D:8:      minmay_gate_of_8
D:10:     david_lair_generic, grunt_ogre_cave, grunt_decor_clamped,
          lemuel_mausoleum_altar_kikubaaqudgha
D:11:     erik_orc_3
D:13:     david_vaults_4, serial_shops, shop_fountains, minivault_13
D:14:     enter_trove_2, old_standard_altar
D:15:     hangedman_depths_entry_try_elsewhere_first, lemuel_flame_loot_1,
          uniq_nessos
Temple:   nicolae_temple_hex_pool
Lair:1:   wad_woods_minihive, lemuel_fruit_fields
Lair:2:   uniq_erica
Lair:3:   basic_altar, grunt_megastairs_1
Lair:4:   minmay_swamp_entry_eels, dummy_snake_entry, serial_bayou_shore_b,
          infiniplex_staircase_pool, minmay_lair_oklob_chamber, uniq_kirke,
          uniq_josephine
Lair:5:   slime_altar_1, lab_entry_generic, small_statue_intersection,
          kilobyte_rumbling_trees, lemuel_fruit_tree
Lair:6:   guppyfry_lair_end_dragon, wormcave, eino_house_with_fridge
Orc:1:    serial_shops, shop, uniq_erolcha
Orc:2:    st_orc_elflike, mines1_david
Elf:1:    minivault_28
Elf:3:    grunt_elf_hall_diamonds, nicolae_elf_m_pinch, spider_trap,
          hangedman_elf_simple_split
Lab:      labyrinth_spiral, lab_fountain, nicolae_lab_arrow,
          nicolae_lab_diamond, nicolae_lab_quarters, nicolae_lab_dead_end,
          nicolae_lab_lava
Sewer:    sewer_sea

Skill      XL: |  1  2  3  4  5  6  7  8  9 10 11 12 13 14 15 16 17 |
---------------+----------------------------------------------------+-----
Dodging        | 3 4 5 6 7 9 10 11 12 13 14 | 14.8
Spellcasting   | 4 5 6 7 8 9 10 11 12 14 16 17 | 17.0
Conjurations   | 5 6 7 8 9 10 11 12 13 14 15 | 15.8
Translocations | 1 2 3 4 |  4.7
Fighting       | 1 3 4 5 6 7 8 9 |  9.1
Hexes          | 1 3 4 |  4.3
Stealth        | 4 5 6 |  6.6
Armour         | 1 3 4 5 6 7 |  7.7
Evocations     | 2 4 7 |  7.6
Fire Magic     | 3 5 7 8 10 11 12 | 12.7
Shields        | 2 5 6 7 |  7.9
Earth Magic    | 2 5 6 |  6.1

Action                   |  1- 3 |  4- 6 |  7- 9 | 10-12 | 13-15 | 16-18 || total
-------------------------+-------+-------+-------+-------+-------+-------++-------
Melee: Unarmed           |     4 |       |       |       |       |       ||     4
       Dagger            |     2 |    10 |     3 |       |       |       ||    15
       Spear             |       |       |       |     9 |    24 |       ||    33
       Knife             |       |       |       |       |    32 |       ||    32
 Cast: Magic Dart        |    75 |   104 |    71 |   144 |    22 |       ||   416
       Searing Ray       |    12 |    27 |    45 |   128 |    38 |       ||   250
       Iskenderun's Myst |       |     6 |    16 |    20 |    95 |    34 ||   171
       Force Lance       |       |     2 |    14 |    53 |    65 |    16 ||   150
       Fulminant Prism   |       |       |    13 |    49 |    56 |    29 ||   147
       Conjure Flame     |       |       |       |    20 |    15 |     4 ||    39
       Dazzling Spray    |       |       |       |     3 |     5 |     2 ||    10
       Iron Shot         |       |       |       |       |   130 |    64 ||   194
       Fireball          |       |       |       |       |    44 |     7 ||    51
       Bolt of Fire      |       |       |       |       |   198 |   139 ||   337
       Orb of Destructio |       |       |       |       |    20 |    65 ||    85
Evoke: Wand              |       |       |       |     3 |    17 |     3 ||    23
       Lightning rod     |       |       |       |       |       |     5 ||     5
  Use: Scroll            |       |    15 |     3 |    10 |    16 |     3 ||    47
       Potion            |       |     3 |       |     1 |     6 |     1 ||    11
  Eat: Chunk             |     4 |    12 |     8 |    11 |    63 |    25 ||   123
       Royal jelly       |       |       |     4 |     5 |     7 |       ||    16
       Bread ration      |       |       |     1 |     1 |     4 |     7 ||    13
       Fruit             |       |       |       |     5 |    14 |     4 ||    23
       Meat ration       |       |       |       |     1 |     5 |     4 ||    10
Armor: Robe              |     3 |    15 |     7 |    12 |    21 |     6 ||    64
       Ring mail         |       |       |       |    21 |       |       ||    21
       Skin              |       |       |       |       |    13 |     9 ||    22
Dodge: Dodged            |    15 |    58 |    73 |   151 |   157 |    38 ||   492
Block: Buckler           |       |       |       |    36 |    87 |    54 ||   177
       Reflection        |       |       |       |       |    16 |    14 ||    30

Table legend:
 A = Spawn XP
 B = Non-spawn XP
 C = Spawn XP percentage of total XP
 D = Spawn monster count
 E = Non-spawn monster count
 F = Spawn count percentage of total count
 G = Total turns spent on level
                    A         B        C        D         E        F      G
               +---------+---------+-------+---------+---------+-------+---------
         Total |       0 |  271805 |   0.0 |       0 |    1048 |   0.0 | 46906
               +---------+---------+-------+---------+---------+-------+---------
           D:1 |       0 |      61 |   0.0 |       0 |      37 |   0.0 |  1629
           D:2 |       0 |      92 |   0.0 |       0 |      27 |   0.0 |  1292
           D:3 |       0 |      25 |   0.0 |       0 |      13 |   0.0 |   760
           D:4 |       0 |     509 |   0.0 |       0 |      33 |   0.0 |  2174
           D:5 |       0 |    1118 |   0.0 |       0 |      31 |   0.0 |  1654
           D:6 |       0 |     762 |   0.0 |       0 |      19 |   0.0 |  1071
           D:7 |       0 |    2231 |   0.0 |       0 |      27 |   0.0 |  1457
           D:8 |       0 |    4859 |   0.0 |       0 |      26 |   0.0 |  1410
           D:9 |       0 |    1183 |   0.0 |       0 |      12 |   0.0 |   915
          D:10 |       0 |    4729 |   0.0 |       0 |      40 |   0.0 |  2208
          D:11 |       0 |    5962 |   0.0 |       0 |      57 |   0.0 |  1843
          D:12 |       0 |    8676 |   0.0 |       0 |      45 |   0.0 |  1067
          D:13 |       0 |   18128 |   0.0 |       0 |      49 |   0.0 |  1408
          D:14 |       0 |    6757 |   0.0 |       0 |      36 |   0.0 |  1536
          D:15 |       0 |   14294 |   0.0 |       0 |      32 |   0.0 |   869
        Lair:1 |       0 |    8542 |   0.0 |       0 |      71 |   0.0 |  2417
        Lair:2 |       0 |    5401 |   0.0 |       0 |      16 |   0.0 |  1223
        Lair:3 |       0 |    4893 |   0.0 |       0 |      18 |   0.0 |  1374
        Lair:4 |       0 |   14880 |   0.0 |       0 |      52 |   0.0 |  2118
        Lair:5 |       0 |    2489 |   0.0 |       0 |      11 |   0.0 |  1503
        Lair:6 |       0 |   24038 |   0.0 |       0 |      79 |   0.0 |  2596
         Orc:1 |       0 |    5301 |   0.0 |       0 |      42 |   0.0 |   956
         Orc:2 |       0 |   13445 |   0.0 |       0 |      60 |   0.0 |  2286
         Elf:1 |       0 |   31045 |   0.0 |       0 |      49 |   0.0 |  2263
         Elf:2 |       0 |   39177 |   0.0 |       0 |      57 |   0.0 |  3714
         Elf:3 |       0 |   48473 |   0.0 |       0 |      50 |   0.0 |  2613
           Lab |       0 |    4584 |   0.0 |       0 |      19 |   0.0 |  1692
         Sewer |       0 |     151 |   0.0 |       0 |      40 |   0.0 |   841
               +---------+---------+-------+---------+---------+-------+---------
